 Dungeon Crawl Stone Soup version 0.26-a0-540-g8a0c9464d7 (webtiles) character file.

Game seed: 56028622427929808

(classic levelgen) 674 EnegeticOcto the Cleaver (level 7, 0/61 HPs)
             Began as a Deep Dwarf Fighter on Aug 17, 2020.
             Was a Follower of Ru.
             Slain by an orc knight
             ... wielding a +0 war axe
              (22 damage)
             ... in a bailey.
             The game lasted 00:03:35 (683 turns).

EnegeticOcto the Cleaver (Deep Dwarf Fighter)        Turns: 683, Time: 00:03:36

Health: 0/61       AC:  6    Str: 22    XL:     7   Next: 33%
Magic:  2/2        EV:  7    Int:  8    God:    Ru [*.....]
Gold:   128        SH:  9    Dex: 12    Spells: 6/6 levels left

rFire    . . .     SeeInvis .   a - +0 war axe
rCold    . . .     Faith    .   c - +0 kite shield
rNeg     . . .     Spirit   .   b - +0 scale mail
rPois    .         Reflect  .   (no helmet)
rElec    .         Harm     .   (no cloak)
rCorr    .                      (no gloves)
MR       +....                  (no boots)
Stlth    ..........             (no amulet)
HPRegen  0.00/turn              (no ring)
MPRegen  0.08/turn              (no ring)

@: mighty, no scrolls, non-regenerating
A: damage resistance, heal wounds, sense surroundings 1, inability to read while
threatened, no regeneration
a: Heal Wounds, Renounce Religion


You were in a bailey.
You worshipped Ru.
Ru was aware of your devotion.
You visited 1 branch of the dungeon, and saw 7 of its levels.
You also visited: Bailey.

You collected 128 gold pieces.

Inventory:

Hand Weapons
 a - a +0 war axe (weapon)
Armour
 b - a +0 scale mail (worn)
 c - a +0 kite shield (worn)
Wands
 l - a wand of flame (18) {@v4}
Scrolls
 f - a scroll of noise {unknown}
 h - 4 scrolls of identify {unknown}
 k - a scroll of immolation {unknown}
 o - a scroll of remove curse {unknown}
Potions
 e - a potion of berserk rage {unknown}
 g - a potion of magic {unknown}
 i - a potion of haste {unknown}
 j - 2 potions of flight {unknown}
 m - a potion of brilliance {unknown}
 n - a potion of curing {unknown}


   Skills:
 - Level 2.6 Fighting
 * Level 9.1 Axes
 - Level 3.2 Armour
 - Level 3.2 Shields


You had 6 spell levels left.
You didn't know any spells.
Your spell library was empty.

Dungeon Overview and Level Annotations

Branches:
Dungeon (7/15)             Bailey (1/1)
 Temple: D:4-7

Altars:
Hepliaklqana
Okawaru
Ru

Shops:
D:6 *


Innate Abilities, Weirdness & Mutations

You are resistant to damage.
You can heal yourself by infusing magical energy.
You passively map a small area around you.
You cannot read scrolls while threatened.
You do not regenerate.


Message History

The weapon returns to the kobold!
The kobold throws a boomerang.
The boomerang hits you but does no damage.
The weapon returns to the kobold!
The kobold throws a boomerang.
The boomerang hits you.
The weapon returns to the kobold!
The kobold is stunned by your will and fails to attack.
The kobold throws a boomerang.
You block the boomerang.
The kobold throws a boomerang.
The boomerang hits you.
The weapon returns to the kobold!
You open the gate.
An orc knight comes into view. It is wielding a +0 war axe.
The orc knight shouts!
The kobold throws a boomerang.
The boomerang barely misses you.
The weapon returns to the kobold!
The kobold throws a boomerang.
The boomerang closely misses you.
The weapon returns to the kobold!
The kobold throws a boomerang.
You block the boomerang.
The weapon returns to the kobold!
The kobold throws a boomerang.
The boomerang hits you.
The weapon returns to the kobold!
The kobold throws a boomerang.
The boomerang hits you but does no damage.
The weapon returns to the kobold!
The kobold throws a boomerang.
The boomerang hits you.
The weapon returns to the kobold!
Found 10 stones and 224 gold pieces.
Found two gates leading back out of this place.
The kobold throws a boomerang.
The boomerang hits you but does no damage.
The weapon returns to the kobold!
The kobold throws a boomerang.
The boomerang hits you.
The weapon returns to the kobold!
The kobold throws a boomerang.
The boomerang hits you.
The weapon returns to the kobold!
The kobold throws a boomerang.
The boomerang hits you but does no damage.
The weapon returns to the kobold!
The kobold throws a boomerang.
You block the boomerang.
The weapon returns to the kobold!
The orc knight hits you but does no damage.
There is an open gate, spattered with blood here.
The kobold throws a boomerang.
The boomerang hits you.
The weapon returns to the kobold!
The kobold throws a boomerang.
You block the boomerang.
The weapon returns to the kobold!
You feel much better.
The kobold throws a boomerang.
The boomerang hits you but does no damage.
The weapon returns to the kobold!
The orc knight hits you with a +0 war axe!
As you close the gate, it creaks loudly!
The orc knight hits you with a +0 war axe!!
You feel threatened and lose the ability to read scrolls!
You feel much better.
The orc knight hits you with a +0 war axe.
Your magical essence is drained by the effort!
You feel much better.
The orc knight hits you with a +0 war axe!
Evoke which item? (* to show all) (? for menu, Esc to quit)
Okay, then.
You feel very mighty all of a sudden.
The orc knight hits you but does no damage.
You slash the orc knight!
The orc knight is lightly wounded.
You block the orc knight's attack.
You slash the orc knight!
The orc knight is moderately wounded.
You can read scrolls again.
You block the orc knight's attack.
You slash the orc knight!
The orc knight is heavily wounded.
You closely miss the orc knight.
The orc knight is heavily wounded.
The orc knight hits you with a +0 war axe.
You barely miss the orc knight.
The orc knight is heavily wounded.
You block the orc knight's attack.
You closely miss the orc knight.
The orc knight is heavily wounded.
The orc knight barely misses you.
You closely miss the orc knight.
The orc knight is heavily wounded.
The orc knight hits you with a +0 war axe.
You slash the orc knight!
The orc knight is severely wounded.
The orc knight is stunned by your will and fails to attack.
You hit the orc knight.
The orc knight is severely wounded.
The orc knight closely misses you.
You closely miss the orc knight.
The orc knight is severely wounded.
You block the orc knight's attack.
You barely miss the orc knight.
The orc knight is severely wounded.
You block the orc knight's attack.
You slash the orc knight!
The orc knight is severely wounded.
The orc knight is stunned by your will and fails to attack.
You slash the orc knight!
The orc knight is almost dead.
The orc knight hits you with a +0 war axe!!
You feel threatened and lose the ability to read scrolls!
You barely miss the orc knight.
The orc knight is almost dead.
The orc knight hits you with a +0 war axe.
You slash the orc knight!
The orc knight is almost dead.
The orc knight hits you with a +0 war axe!!
You die...

, , , ,, , * ,
* ###+###
##.....##
#...8...#
#∩$...(∩#
#..o@.#
####+++####
##≈.......≈## *
##≈≈.......≈≈##
.K≈≈.......≈≈K.
##≈≈.......≈≈##
,
KK≈≈.......≈≈K.
##≈≈.......≈≈##
*
KK≈≈.......≈≈K.


You could see an orc knight.

Vanquished Creatures
  A water moccasin (D:6)
  A big kobold (D:7)
  A bullfrog (D:7)
  A scorpion (D:5)
  A centaur zombie (D:6)
  2 hounds
  A bullfrog skeleton (D:5)
  2 iguanas
  4 worker ants
  A hound skeleton (D:5)
  4 gnolls (D:3)
  3 white imps
  An ufetubus (D:7)
  A leopard gecko (D:4)
  5 orcs
  2 ball pythons
  2 giant cockroaches
  4 goblins (D:7)
  2 hobgoblins
  3 jackals (D:3)
  A quokka (D:5)
  7 kobolds
  2 leopard gecko skeletons
  A quokka skeleton (D:7)
  2 rats
55 creatures vanquished.

Notes
Turn   | Place    | Note
-------+----------+-------------------------------------------
     0 | D:1      | EnegeticOcto the Deep Dwarf Fighter began the quest for the
                  | Orb.
     0 | D:1      | Reached XP level 1. HP: 20/20 MP: 1/1
    65 | D:2      | Found a hazy altar of Hepliaklqana.
   150 | D:3      | Reached skill level 3 in Axes
   150 | D:3      | Reached XP level 2. HP: 21/27 MP: 2/2
   178 | D:3      | Reached skill level 4 in Axes
   178 | D:3      | Reached XP level 3. HP: 25/33 MP: 3/3
   248 | D:4      | Found a sacrificial altar of Ru.
   262 | D:4      | Reached XP level 4. HP: 34/40 MP: 4/4
   275 | D:4      | Became a worshipper of Ru the Awakened
   295 | D:5      | Entered Level 5 of the Dungeon
   301 | D:5      | Reached skill level 5 in Axes
   338 | D:5      | Reached skill level 6 in Axes
   338 | D:5      | Reached XP level 5. HP: 41/46 MP: 4/4
   416 | D:6      | Found an iron altar of Okawaru.
   442 | D:6      | Noticed a water moccasin
   476 | D:6      | Killed a water moccasin
   476 | D:6      | Reached skill level 7 in Axes
   476 | D:6      | Reached XP level 6. HP: 25/55 MP: 3/3
   492 | D:6      | Found Siugiq's Assorted Antiques.
   517 | D:6      | Reached skill level 8 in Axes
   555 | D:7      | Reached XP level 7. HP: 38/61 MP: 4/4
   613 | D:7      | Reached skill level 9 in Axes
   625 | D:7      | Found a flagged portal.
   640 | Bailey   | Entered a bailey
   648 | Bailey   | Gained mutation: You cannot read scrolls while threatened.
                  | [Ru sacrifice]
   648 | Bailey   | Reached * piety under Ru
   661 | Bailey   | Noticed an orc knight
   683 | Bailey   | Slain by an orc knight

Illustrated notes

Levels and vault maps discovered:
D:1:      psy_arrival_statuary, layout_basic, chequers_arboretum
D:2:      cheibrodos_helix_gallery, layout_basic, lemuel_round_altar,
          nicolae_overflow_crystal_walls, minmay_misc_feat_secret_circle
D:3:      layout_loops_cross
D:4:      layout_rooms, nicolae_ru_awakened_eye, nemelex_altar_shiori,
          minmay_temple_entry_proselytizer
D:5:      layout_layer_cave, kennysheep_mini, kennysheep_mini_moat,
          led_sif_book, serial_shops, shop_fountains, basic_altar
D:6:      layout_rooms, grunt_temple_overflow_bloody_war, serial_shops,
          nicolae_shop_crystal, shop_statue, grunt_ministairs_7, okawaru_trees_2
D:7:      layout_cave_pools, overflow_temple_1_default, enter_bailey_3,
          nemelex_lonely_heart_becter
Bailey:   bailey_axe_3, bailey

Skill      XL: |  1  2  3  4  5  6  7 |
---------------+----------------------+-----
Axes           | 3 4 6 7 8 9 |  9.1
Fighting       | |  2.6
Armour         | |  3.2
Shields        | |  3.2

Action                   |  1- 3 |  4- 6 |  7- 9 || total
-------------------------+-------+-------+-------++-------
Melee: War axe           |    81 |   102 |    46 ||   229
Invok: Sacrifice Words   |       |       |     1 ||     1
 Abil: Heal Wounds       |     3 |     7 |     4 ||    14
  Use: Scroll            |       |     1 |     1 ||     2
       Potion            |       |       |     1 ||     1
Armor: Scale mail        |    57 |    29 |    38 ||   124
Dodge: Dodged            |    30 |    47 |    30 ||   107
Block: Kite shield       |    60 |    63 |    52 ||   175

Table legend: (Time is in decaauts)
 A = Elapsed time spent in this place.
 B = Non-inter-level travel time spent in this place.
 C = Inter-level travel time spent in this place.
 D = Time resting spent in this place.
 E = Time spent auto-exploring this place.
 F = Levels seen in this place.
 G = Mean time per level.
                   A        B        C        D        E       F      G
               +--------+--------+--------+--------+--------+-----+--------+
         Total |    751 |    751 |      0 |      0 |      0 |   8 |   93.9 |
       Dungeon |    706 |    706 |      0 |      0 |      0 |   7 |  100.9 |
        Bailey |     44 |     44 |      0 |      0 |      0 |   1 |   44.0 |
               +--------+--------+--------+--------+--------+-----+--------+

Top non-repeatable levels by time:
     D:3: 183 daAuts
     D:6: 148 daAuts
     D:5: 122 daAuts
     D:7: 102 daAuts
     D:2: 71 daAuts
     D:4: 58 daAuts
  Bailey: 44 daAuts
     D:1: 20 daAuts
